[Event "Titled Tuesday Blitz August 17 2021"]
[White "Kovalev, Vladislav"]
[Black "Kislov, Oleg"]
[WhiteFideId "13504398"]
[BlackFideId "13503774"]
[WhiteElo "2573"]
[BlackElo "2252"]
[Result "1-0"]
[Round "03"]
[TimeControl "180+1"]
[Date "2021.08.17"]
[WhiteClock "0:00:08"]
[BlackClock "0:00:07"]

1. e4 e6 2. d4 d5 3. Bd3 Nf6 4. e5 Nfd7 5. Ne2 c5 6. c3 Nc6 7. Nd2 cxd4 8. cxd4 f6 9. exf6 Nxf6 10. O-O Bd6 11. Nf3 O-O 12. Bf4 Bxf4 13. Nxf4 Qd6 14. Ne2 e5 15. dxe5 Nxe5 16. Nxe5 Qxe5 17. Qd2 Bf5 18. Bxf5 Qxf5 19. Nd4 Qd7 20. f3 Rfe8 21. Rad1 a6 22. Qg5 h6 23. Qg6 Qf7 24. Qf5 Re7 25. Rd2 Rae8 26. Rc1 Re5 27. Qb1 Qe7 28. Rf1 Re1 29. Rxe1 Qxe1+ 30. Qxe1 Rxe1+ 31. Kf2 Rc1 32. Ne2 Ra1 33. Nc3 Kf7 34. Ke3 Ke6 35. Kd4 Kd6 36. Rd1 Rxd1+ 37. Nxd1 Ne8 38. Ne3 g6 39. Nxd5 Ng7 40. Nf4 g5 41. Nd3 Nf5+ 42. Ke4 Ne7 43. f4 b6 44. g4 gxf4 45. Nxf4 Nc6 46. h4 Nb4 47. a3 Nc6 48. Kf5 Ne7+ 49. Kf6 b5 50. Kg7 Ke5 51. Ng6+ Nxg6 52. Kxg6 Kf4 53. g5 hxg5 54. hxg5 1-0


[Site "https://www.chess.com"]

[Event "Titled Tuesday Blitz August 17 2021"]
[White "Kravtsiv, Martyn"]
[Black "Le, Tuan Minh"]
[WhiteFideId "14113147"]
[BlackFideId "12401153"]
[WhiteElo "2680"]
[BlackElo "2450"]
[Result "0-1"]
[Round "03"]
[TimeControl "180+1"]
[Date "2021.08.17"]
[WhiteClock "0:00:03"]
[BlackClock "0:00:14"]

1. e4 c5 2. Nf3 Nf6 3. Nc3 d5 4. Bb5+ Bd7 5. Bxd7+ Qxd7 6. e5 Ng8 7. d4 e6 8. Be3 cxd4 9. Nxd4 Nc6 10. f4 Nge7 11. O-O Nxd4 12. Bxd4 Nf5 13. Bf2 h5 14. Qd3 Rc8 15. Rad1 g6 16. Ne4 Be7 17. Nf6+ Bxf6 18. exf6 a6 19. g3 O-O 20. h3 Qb5 21. Qxb5 axb5 22. c3 Rc4 23. a3 Rfc8 24. Rfe1 Kh7 25. Kg2 Nd6 26. Bd4 Ne4 27. Kf3 g5 28. fxg5 Nxg5+ 29. Kg2 Kg6 30. Rf1 Re8 31. Rde1 Ne4 32. Be5 Nc5 33. Re3 Re4 34. Rxe4 Nxe4 35. Rf4 Nc5 36. Rf3 Nd7 37. Bd4 e5 38. Re3 Kxf6 39. Re2 Kg6 40. Bf2 Kf5 41. Rd2 Ke6 42. Rd1 Nf6 43. Kf3 Ne4 44. Be1 f5 45. Ra1 Ra8 46. b3 Nc5 47. b4 Ne4 48. Ra2 Nd6 49. Re2 Rxa3 0-1


[Site "https://www.chess.com"]

[Event "Titled Tuesday Blitz August 17 2021"]
[White "Kukhmazov, Arsen"]
[Black "Manukyan, Sargis A."]
[WhiteFideId "24108260"]
[BlackFideId "13303970"]
[WhiteElo "2453"]
[BlackElo "2187"]
[Result "0-1"]
[Round "03"]
[TimeControl "180+1"]
[Date "2021.08.17"]
[WhiteClock "0:00:02"]
[BlackClock "0:00:11"]

1. b3 Nf6 2. Bb2 g6 3. e3 Bg7 4. f4 O-O 5. Nf3 d6 6. Be2 b6 7. O-O Bb7 8. Qe1 Nbd7 9. d3 e5 10. fxe5 Ng4 11. Bd1 Ndxe5 12. Nxe5 Nxe5 13. Nc3 Qg5 14. e4 Rae8 15. Bc1 Qd8 16. Qd2 d5 17. exd5 Bxd5 18. Nxd5 Qxd5 19. Bb2 c5 20. Qc1 Qd6 21. a4 Nc6 22. Bxg7 Kxg7 23. Bf3 Nd4 24. a5 Re6 25. axb6 axb6 26. Qb2 Rf6 27. Be4 Qe5 28. Kh1 Rxf1+ 29. Rxf1 f5 30. Bb7 Rf7 31. Ba6 Qe2 32. Rg1 Qxc2 33. Qxc2 Nxc2 34. Bc4 Re7 35. Rc1 Nd4 36. Ra1 Kf6 37. h3 Kg5 38. Ra6 b5 39. Bd5 Re5 40. Bb7 Re3 41. Rd6 Rxd3 42. Bd5 Nxb3 43. Rd7 c4 44. Kh2 h5 0-1


[Site "https://www.chess.com"]

[Event "Titled Tuesday Blitz August 17 2021"]
[White "Kvon, Andrey"]
[Black "Svane, Rasmus"]
[WhiteFideId "14201356"]
[BlackFideId "4657101"]
[WhiteElo "2458"]
[BlackElo "2669"]
[Result "0-1"]
[Round "03"]
[TimeControl "180+1"]
[Date "2021.08.17"]
[WhiteClock "0:00:33"]
[BlackClock "0:01:32"]

1. e4 c6 2. d3 d5 3. Nd2 e5 4. Ngf3 Bd6 5. d4 exd4 6. Nxd4 Nf6 7. exd5 Nxd5 8. Qe2+ Be7 9. Ne4 O-O 10. Bd2 Qb6 11. Nb3 a5 12. a4 Bf5 13. O-O-O Nd7 14. Ng3 Be6 15. Kb1 Nc5 16. Nxc5 Bxc5 17. Ne4 Rfe8 18. Qf3 Bd4 19. b3 f5 20. Nd6 Qc5 21. Nxe8 Qa3 22. c3 Qxb3+ 23. Kc1 Nb4 0-1


[Site "https://www.chess.com"]

[Event "Titled Tuesday Blitz August 17 2021"]
[White "Lashkin, Jegor"]
[Black "Zakaryan_David"]
[WhiteFideId "13907808"]
[WhiteElo "2293"]
[BlackElo "2461"]
[Result "0-1"]
[Round "03"]
[TimeControl "180+1"]
[Date "2021.08.17"]
[WhiteClock "0:00:03"]
[BlackClock "0:00:20"]

1. d4 Nf6 2. c4 g6 3. Nc3 d5 4. Nf3 Bg7 5. Bg5 dxc4 6. e4 c5 7. Bxc4 cxd4 8. Nxd4 O-O 9. e5 Ng4 10. Nd5 Nxe5 11. Bxe7 Qe8 12. Bb5 Bd7 13. Bxd7 Qxd7 14. Bxf8 Qxd5 15. Bxg7 Qxg2 16. Bxe5 Qxh1+ 17. Kd2 Qd5 18. f4 Nc6 19. Qf3 Qa5+ 20. Qc3 Nxe5 21. fxe5 Qxe5 22. Re1 Qxh2+ 23. Re2 Qf4+ 24. Qe3 Qc7 25. Ke1 Rd8 26. Kf1 Qc4 27. Nb3 Rd1+ 28. Kf2 Qh4+ 29. Kg2 Qh1+ 30. Kg3 Rg1+ 31. Kf4 Qh4+ 32. Ke5 Rg5+ 33. Kd6 Qb4+ 34. Kc7 Rd5 35. Qe7 Qxe7+ 36. Rxe7 h5 37. Re4 g5 38. Kxb7 h4 39. Nd4 h3 40. Nf3 f5 41. Re7 g4 42. Ng5 h2 43. Re1 g3 44. Nf3 f4 45. Rh1 Rd2 46. Nxd2 g2 47. Rxh2 g1=Q 48. Re2 Qb6+ 49. Ka8 Qc6+ 50. Kb8 Qb5+ 0-1


[Site "https://www.chess.com"]

[Event "Titled Tuesday Blitz August 17 2021"]
[White "Levitskiy, Andrey"]
[Black "Cunjalo, Faris"]
[WhiteFideId "14132885"]
[BlackFideId "14410710"]
[WhiteElo "2340"]
[BlackElo "2234"]
[Result "1-0"]
[Round "03"]
[TimeControl "180+1"]
[Date "2021.08.17"]
[WhiteClock "0:00:09"]
[BlackClock "0:00:14"]

1. e4 c6 2. Nf3 d5 3. exd5 cxd5 4. Ne5 Nd7 5. d4 Nxe5 6. dxe5 e6 7. Bd3 Ne7 8. O-O Nc6 9. f4 Be7 10. c3 g6 11. Be3 O-O 12. Nd2 d4 13. cxd4 Nxd4 14. Ne4 Nf5 15. Bf2 Bd7 16. g4 Ng7 17. Qe2 Bc6 18. Rad1 Bxe4 19. Bxe4 Qa5 20. a3 Bc5 21. Bxb7 Rab8 22. Bg2 h5 23. h3 Rb3 24. Rd3 Rfb8 25. Rxb3 Rxb3 26. Qc2 Bxf2+ 27. Rxf2 Qb6 28. Kh2 a5 29. Qd2 a4 30. Qe2 Qd4 31. Qd2 Qb6 32. Qe2 Kh7 33. Qd2 h4 34. Qe2 Kg8 35. Qd2 Kh7 36. Qe2 Qc5 37. Qd2 Ne8 38. Qe2 Nc7 39. Rf3 Rxf3 40. Qxf3 Nb5 41. Qe2 Nd4 42. Qe1 Qe7 43. Qf2 Nb3 44. Kh1 Kg7 45. f5 exf5 46. gxf5 Qxe5 47. fxg6 fxg6 48. Qxh4 Qxb2 49. Qe7+ Kh6 50. Qh4+ Kg7 51. Qe7+ Kg8 52. Bd5+ Kh8 53. Qf8+ Kh7 54. Bg8+ Kh8 55. Bf7+ Kh7 56. Qg8+ 1-0


[Site "https://www.chess.com"]

[Event "Titled Tuesday Blitz August 17 2021"]
[White "Liyanage, Ranindu Dilshan"]
[Black "Pires, Marcos Vinicius Torsani"]
[WhiteFideId "9915834"]
[BlackFideId "2118939"]
[WhiteElo "1839"]
[BlackElo "2273"]
[Result "1-0"]
[Round "03"]
[TimeControl "180+1"]
[Date "2021.08.18"]
[WhiteClock "0:00:08"]
[BlackClock "0:00:11"]

1. e4 c6 2. d4 d5 3. e5 c5 4. dxc5 e6 5. Nf3 Bxc5 6. a3 Nc6 7. Bd3 Bb6 8. O-O Nge7 9. c3 Ng6 10. Re1 O-O 11. Ng5 h6 12. Nf3 Nce7 13. Nbd2 Nf4 14. Bf1 Nf5 15. g3 Ng6 16. Nb3 Bd7 17. h4 Ba4 18. Bd3 Nxg3 19. Nfd4 Nf5 20. h5 Ngh4 21. Qg4 Bxb3 22. Nxb3 Kh8 23. Bf4 a5 24. Nc1 Bc7 25. Ne2 Rg8 26. Kh1 f6 27. Ng3 Bxe5 28. Bxe5 fxe5 29. Rxe5 Qf6 30. Rae1 Rae8 31. f4 Nxg3+ 32. Qxg3 Ref8 33. Rf1 Nf5 34. Bxf5 exf5 35. Rfe1 Qf7 36. Qh4 Re8 37. Re7 Rxe7 38. Rxe7 Qf8 39. Rxb7 d4 40. cxd4 Qd6 41. Re7 Qd5+ 42. Kh2 Qxd4 43. Re2 Qd3 44. Rg2 Qd7 45. Qg3 Qf7 46. Qg6 Qxg6 47. Rxg6 Rb8 48. Rg2 Rb3 49. Rc2 Rf3 50. Kg2 Rxf4 51. Rc5 Rg4+ 52. Kf3 Ra4 53. Rxf5 Rh4 54. Rb5 Kh7 55. Kg3 Ra4 56. Kf3 Rc4 57. Ke3 a4 58. Kd3 Rh4 59. Kc3 Kg8 60. b3 axb3 61. Kxb3 Kf7 62. a4 Rh1 63. a5 Ra1 64. Kb4 Kf6 65. Rb6+ Kg5 66. Rb5+ Kh4 67. Rc5 Rb1+ 68. Kc4 Ra1 69. Kb5 Kg4 70. Kb6 Rb1+ 71. Kc6 Rb8 72. a6 Rb1 73. a7 Ra1 74. Kb7 Kh4 75. a8=Q Rxa8 76. Kxa8 Kg4 77. Kb7 Kh4 78. Kc7 Kg4 79. Kd7 1-0


[Site "https://www.chess.com"]

[Event "Titled Tuesday Blitz August 17 2021"]
[White "Loy, Konstantin"]
[Black "Ivic, Velimir"]
[WhiteFideId "14122499"]
[BlackFideId "950122"]
[WhiteElo "2084"]
[BlackElo "2509"]
[Result "0-1"]
[Round "03"]
[TimeControl "180+1"]
[Date "2021.08.17"]
[WhiteClock "0:00:07"]
[BlackClock "0:00:39"]

1. e4 e6 2. d3 d5 3. Nd2 c5 4. Ngf3 Nc6 5. g3 Nf6 6. Bg2 Be7 7. O-O O-O 8. Re1 b5 9. e5 Nd7 10. Nf1 a5 11. h4 b4 12. h5 h6 13. Bf4 Ba6 14. Qd2 Re8 15. g4 Nd4 16. Nxd4 cxd4 17. Nh2 Rc8 18. Nf3 b3 19. Nxd4 bxc2 20. Nxc2 Nc5 21. Bf1 Qb6 22. Rab1 d4 23. b4 axb4 24. Nxb4 Bb7 25. Bg2 Bxg2 26. Kxg2 Na4 27. a3 Nc3 28. Rb2 Qb7+ 29. Kh2 Qf3 30. Rg1 Bh4 31. Rg2 Nd1 32. Qe2 Qxf4+ 33. Kh3 Nxb2 34. Kxh4 Rc1 0-1


[Site "https://www.chess.com"]

[Event "Titled Tuesday Blitz August 17 2021"]
[White "Machidon, Cristi"]
[Black "Timofeev, Artyom"]
[WhiteFideId "13904590"]
[BlackFideId "4140419"]
[WhiteElo "2312"]
[BlackElo "2582"]
[Result "0-1"]
[Round "03"]
[TimeControl "180+1"]
[Date "2021.08.17"]
[WhiteClock "0:00:02"]
[BlackClock "0:00:33"]

1. d4 Nf6 2. Nf3 g6 3. Bg5 Bg7 4. Nbd2 c5 5. c3 b6 6. e3 Bb7 7. Bd3 O-O 8. a4 Nc6 9. O-O d6 10. Qe2 h6 11. Bxf6 Bxf6 12. Ba6 Bxa6 13. Qxa6 Bg7 14. Rfd1 Qc7 15. Qe2 d5 16. Nb3 c4 17. Nbd2 a6 18. e4 e6 19. exd5 exd5 20. Re1 b5 21. axb5 axb5 22. Nf1 b4 23. Ne3 Qd6 24. Ng4 b3 25. g3 h5 26. Nge5 Ra2 27. Nxc6 Qxc6 28. Rxa2 bxa2 29. Ra1 Ra8 30. Qc2 Qb5 31. Nd2 Bh6 32. f4 g5 33. b3 cxb3 34. Nxb3 gxf4 35. Rxa2 Rxa2 36. Qxa2 fxg3 37. hxg3 Qd3 38. Qa8+ Kg7 39. Qxd5 Qxc3 40. Qe5+ Kg8 41. Nc5 Be3+ 42. Kg2 Bxd4 43. Qe8+ Kg7 44. Ne4 Qc2+ 45. Kh3 Qe2 46. Nd6 Qf1+ 47. Kh4 Bf6+ 48. Kxh5 Qf3+ 49. g4 Qh3# 0-1


[Site "https://www.chess.com"]

[Event "Titled Tuesday Blitz August 17 2021"]
[White "Maghsoodloo, Parham"]
[Black "TengisChess"]
[WhiteFideId "12539929"]
[WhiteElo "2601"]
[BlackElo "2471"]
[Result "1-0"]
[Round "03"]
[TimeControl "180+1"]
[Date "2021.08.17"]
[WhiteClock "0:00:13"]
[BlackClock "0:00:12"]

1. d4 Nf6 2. c4 g6 3. Nf3 Bg7 4. Nc3 O-O 5. e4 c5 6. Be2 d6 7. O-O Bg4 8. Be3 Bxf3 9. Bxf3 cxd4 10. Bxd4 Nc6 11. Be3 Nd7 12. Rc1 a5 13. Qd2 Nc5 14. Rfd1 a4 15. Qc2 Qa5 16. Nd5 Rfc8 17. Bd2 Qd8 18. Bc3 Ne5 19. Be2 Ne6 20. b3 axb3 21. axb3 Nd7 22. Bxg7 Kxg7 23. b4 Kg8 24. Qb2 Nb6 25. Ne3 Qe8 26. h4 Qa4 27. Ra1 Qe8 28. h5 Rxa1 29. Rxa1 Ra8 30. g3 Rxa1+ 31. Qxa1 Qa8 32. Qc3 Qa2 33. Ng4 f6 34. Bd3 Nd7 35. f4 gxh5 36. Nh6+ Kf8 37. Nf5 Ng7 38. Nh4 Qa4 39. Kf2 Qd1 40. Be2 Qh1 41. Bf3 Qb1 42. Qd2 Nb6 43. c5 Nc4 44. Qc3 Qb2+ 45. Qxb2 Nxb2 46. cxd6 exd6 47. Be2 Na4 48. Ke3 Nb6 49. Kd4 Ke7 50. Bc4 Nd7 51. Bg8 h6 52. Bd5 b6 53. Kc4 Kd8 54. Kb5 Kc7 55. Bf7 Nb8 56. Bd5 Nd7 57. Kc4 Nb8 58. Ng6 Nc6 59. Bxc6 Kxc6 60. Ne7+ Kd7 61. Nd5 f5 62. Kd4 Ne6+ 63. Ke3 fxe4 64. Kxe4 Kc6 65. Nc3 b5 66. f5 Nf8 67. f6 Kd7 68. Kf5 Ne6 69. Nxb5 d5 70. Ke5 d4 71. Nxd4 Ng5 72. Kf5 Nf7 73. b5 Nd6+ 74. Kg6 Ke8 75. b6 h4 76. gxh4 Kd7 77. h5 Kc8 78. Kg7 Kb7 79. f7 Nxf7 80. Kxf7 Kxb6 81. Nf5 Kc5 82. Nxh6 Kd5 83. Ng8 Ke5 84. h6 Kf5 85. h7 Kg5 86. h8=Q Kf4 87. Qf6+ Kg3 88. Ne7 Kg4 89. Qf5+ Kh4 90. Qg6 Kh3 91. Nd5 Kh2 92. Ne3 Kh3 93. Qg4+ Kh2 94. Qg2# 1-0


[Site "https://www.chess.com"]

[Event "Titled Tuesday Blitz August 17 2021"]
[White "Makhnev, Denis"]
[Black "Martins, Igor Carvalho Ribeiro"]
[WhiteFideId "13707647"]
[BlackFideId "2162962"]
[WhiteElo "2537"]
[BlackElo "2465"]
[Result "1-0"]
[Round "03"]
[TimeControl "180+1"]
[Date "2021.08.17"]
[WhiteClock "0:00:14"]
[BlackClock "0:00:11"]

1. d4 Nf6 2. c4 e6 3. Nf3 Bb4+ 4. Bd2 Qe7 5. e3 b6 6. Bd3 Bb7 7. O-O Bxd2 8. Nbxd2 d6 9. e4 e5 10. c5 O-O 11. Rc1 dxc5 12. dxc5 Nc6 13. Qe2 Rad8 14. a3 Nd4 15. Nxd4 Rxd4 16. Nf3 Rdd8 17. b4 Bc8 18. Rfd1 Bg4 19. h3 Bxf3 20. Qxf3 Rd4 21. Bb1 Rfd8 22. Rxd4 Rxd4 23. cxb6 cxb6 24. Rc8+ Rd8 25. Qc3 h6 26. Bd3 Rxc8 27. Qxc8+ Kh7 28. Bc4 g6 29. Qc6 Kg7 30. Bd5 Qd7 31. Qc4 Ne8 32. Qc3 Qe7 33. f4 f6 34. fxe5 Qxe5 35. Qc6 Qa1+ 36. Kh2 Qe5+ 37. Kg1 Qa1+ 38. Kf2 Qd4+ 39. Ke2 Qb2+ 40. Kd1 Qd4+ 41. Kc2 Qf2+ 42. Kb3 Qe3+ 43. Ka4 b5+ 44. Qxb5 Kf8 45. Qd7 1-0


[Site "https://www.chess.com"]

[Event "Titled Tuesday Blitz August 17 2021"]
[White "Martin Carmona, Gaston Manuel"]
[Black "Sapunov, Evgeny"]
[WhiteFideId "22284567"]
[BlackFideId "4126661"]
[WhiteElo "2161"]
[BlackElo "2470"]
[Result "0-1"]
[Round "03"]
[TimeControl "180+1"]
[Date "2021.08.17"]
[WhiteClock "0:00:02"]
[BlackClock "0:00:24"]

1. d4 Nf6 2. c4 g6 3. Nc3 Bg7 4. Nf3 O-O 5. e3 d6 6. Be2 Nbd7 7. O-O e5 8. Qc2 Re8 9. b4 e4 10. Nd2 Qe7 11. a4 h5 12. b5 Nf8 13. a5 Bf5 14. a6 b6 15. Ba3 Ne6 16. Nb3 h4 17. Rfc1 h3 18. g3 Ng5 19. Qd1 Qd7 20. c5 Bg4 21. Nd2 d5 22. cxb6 cxb6 23. Bxg4 Nxg4 24. Ne2 Qxb5 25. Rc7 Rec8 26. Nc3 Qd3 27. Nxd5 Rxc7 28. Nxc7 Qxd2 29. Qxg4 Nf3+ 30. Kh1 Qxf2 31. Qxh3 Rd8 32. Qg2 Qxe3 33. Nb5 Bxd4 34. Rf1 Be5 35. Bc1 Qd3 36. Nxa7 Qxa6 37. Nc6 Re8 38. Nxe5 Rxe5 39. Bf4 Rd5 40. Rc1 Qd3 41. Rc8+ Rd8 42. Rxd8+ Qxd8 43. Qe2 Qd3 44. Qf2 b5 45. Kg2 b4 46. h4 b3 47. Qb6 Qe2+ 48. Kh3 b2 0-1


[Site "https://www.chess.com"]

[Event "Titled Tuesday Blitz August 17 2021"]
[White "Matinian, Nikita"]
[Black "Grachev, Boris"]
[WhiteFideId "24129100"]
[BlackFideId "4129199"]
[WhiteElo "2410"]
[BlackElo "2580"]
[Result "1/2-1/2"]
[Round "03"]
[TimeControl "180+1"]
[Date "2021.08.17"]
[WhiteClock "0:00:11"]
[BlackClock "0:00:28"]

1. e4 c5 2. Nf3 e6 3. d4 cxd4 4. Nxd4 Nf6 5. Nc3 Nc6 6. a3 Qc7 7. Be2 a6 8. Be3 Be7 9. O-O d6 10. f4 O-O 11. Qe1 Nxd4 12. Bxd4 b5 13. Qg3 Bb7 14. Kh1 Rad8 15. Bd3 Bc6 16. Rae1 Qd7 17. Rf3 Nh5 18. Qf2 Nxf4 19. Bxg7 Kxg7 20. Rxf4 e5 21. Rf3 Kh8 22. Nd5 f5 23. Nxe7 Qxe7 24. Rxf5 Rxf5 25. exf5 Rg8 26. Be4 Bxe4 27. Rxe4 Qg5 28. h3 Rf8 29. Qb6 Rg8 30. Rg4 Qc1+ 31. Kh2 Rxg4 32. hxg4 Qh6+ 33. Kg3 Qf4+ 34. Kh3 Qh6+ 35. Kg3 Qf4+ 36. Kh3 Qh6+ 37. Kg3 1/2-1/2


[Site "https://www.chess.com"]

[Event "Titled Tuesday Blitz August 17 2021"]
[White "Mekhitarian, Krikor Sevag"]
[Black "Brunner, Nicolas"]
[WhiteFideId "2107660"]
[BlackFideId "620246"]
[WhiteElo "2598"]
[BlackElo "2372"]
[Result "1-0"]
[Round "03"]
[TimeControl "180+1"]
[Date "2021.08.17"]
[WhiteClock "0:00:06"]
[BlackClock "0:00:03"]

1. d4 Nf6 2. Bg5 d5 3. Nd2 Nbd7 4. c4 c6 5. Ngf3 h6 6. Bh4 Qa5 7. e3 e6 8. Bd3 dxc4 9. Bxc4 b5 10. Bd3 Bb7 11. O-O Be7 12. a3 Qb6 13. b4 a5 14. Qb3 O-O 15. e4 Ra7 16. e5 Nd5 17. Bxe7 Nxe7 18. Ne4 Rfa8 19. Qb2 Nd5 20. Nc5 Nxc5 21. bxc5 Qd8 22. Nd2 Nf4 23. Qc2 Qxd4 24. Bh7+ Kh8 25. Nf3 Qd7 26. Rfd1 Nd5 27. Be4 Qe7 28. Bxd5 cxd5 29. Nd4 Rc8 30. Rdc1 Ba6 31. Qc3 Qc7 32. f4 Raa8 33. Rab1 Rab8 34. c6 Qb6 35. Qc5 b4 36. axb4 axb4 37. h3 Bc4 38. Qxb6 Rxb6 39. Rb2 b3 40. Ra1 Rb4 41. Kf2 Kg8 42. Ke3 Kf8 43. Ra5 Rc7 44. Kd2 Rb6 45. Kc3 Rbxc6 46. Nxc6 Rxc6 47. Kd4 Rc7 48. Ra1 Ke7 49. g4 g5 50. f5 exf5 51. gxf5 f6 52. e6 Rb7 53. Ra5 Rc7 54. Rc5 Ra7 55. Rc8 Ra1 56. Kc5 Rc1 57. Kb4 Kd6 58. Rd8+ Ke7 59. Rd7+ Ke8 60. Rf7 Rc2 61. Rb1 b2 62. Ka3 Bd3 63. Rxb2 Rxb2 64. Kxb2 Bxf5 65. Rxf6 Bxh3 66. Kc3 Ke7 67. Rxh6 Bxe6 68. Kd4 Kd6 69. Rg6 g4 70. Rh6 Kd7 71. Ke5 Bf7 72. Rh7 Ke8 73. Kf6 Bg8 74. Rg7 Kf8 75. Ra7 d4 76. Ra8# 1-0


[Site "https://www.chess.com"]

[Event "Titled Tuesday Blitz August 17 2021"]
[White "Mirzoev, Azer"]
[Black "Grafil, Franz Robert"]
[WhiteFideId "13400304"]
[BlackFideId "5205298"]
[WhiteElo "2525"]
[BlackElo "2211"]
[Result "1/2-1/2"]
[Round "03"]
[TimeControl "180+1"]
[Date "2021.08.17"]
[WhiteClock "0:00:10"]
[BlackClock "0:00:08"]

1. d4 Nf6 2. Nf3 c5 3. d5 b5 4. Bg5 Qb6 5. c3 h6 6. Bxf6 Qxf6 7. e4 a6 8. Nbd2 d6 9. a4 b4 10. cxb4 cxb4 11. Qb3 Nd7 12. a5 g5 13. Qxb4 Bg7 14. Nc4 O-O 15. Be2 Rb8 16. Qa3 Nc5 17. Nfd2 Qd4 18. O-O Nxe4 19. Nxe4 Qxe4 20. Rfe1 Qxd5 21. Nb6 Qd4 22. Bf1 Qxb2 23. Qxb2 Bxb2 24. Ra2 Bf6 25. Nxc8 Rfxc8 26. Bxa6 Rc5 27. Bf1 Bc3 28. Rxe7 Bxa5 29. g3 Kf8 30. Rd7 Rd8 31. Rb7 Bc3 32. Raa7 Rf5 33. Bd3 Rf6 34. Kg2 Bd4 35. Ra2 Bc5 36. g4 Re8 37. Bf5 Re7 38. Rb8+ Kg7 39. Raa8 Rxf5 40. gxf5 Kf6 41. Rh8 Re2 42. Rxh6+ Kxf5 43. h4 Rxf2+ 44. Kg3 gxh4+ 45. Rxh4 Rf1 46. Rh5+ Ke6 47. Re8+ Kd7 48. Re2 Rf6 49. Kg4 Kc6 50. Rf5 Rxf5 51. Kxf5 d5 52. Rh2 d4 53. Ke4 Kb5 54. Kd3 f6 55. Rf2 Kc6 56. Rxf6+ Kd5 57. Rf5+ Kd6 58. Rh5 Bb6 59. Kc4 Kc7 60. Rh7+ Kc6 61. Rh6+ Kc7 62. Kb5 Ba7 63. Rc6+ Kb7 64. Rd6 Kc7 65. Rd5 Kb7 66. Rd7+ Ka8 67. Ka6 Bb8 68. Rd8 d3 69. Kb6 d2 70. Rxd2 Ba7+ 71. Ka6 Bb8 72. Rd3 Bc7 73. Rc3 Bb8 74. Rc2 Ba7 75. Rc7 Bb8 76. Rh7 Bg3 77. Ra7+ Kb8 78. Rg7 Be5 79. Re7 Bg3 80. Re6 Bh2 81. Rh6 Bg3 82. Rg6 Bf4 83. Rg8+ Kc7 84. Ra8 Kd6 85. Kb5 Ke5 86. Re8+ Kd4 87. Kc6 Be5 88. Re6 Ke4 89. Kd7 Kd5 90. Re7 Bd6 91. Rh7 Be5 92. Rh5 Ke4 93. Ke6 Bf4 94. Rh4 Kf3 95. Kf5 Bg3 96. Rh3 Kg2 97. Kg4 Bh2 98. Ra3 Kh1 99. Ra2 Bg1 100. Kg3 Bb6 101. Kh3 Bc5 102. Rc2 Bb6 103. Rc6 Ba7 104. Rc7 Bb6 105. Rb7 Bc5 106. Rb1+ Bg1 107. Rb3 Bc5 108. Rc3 Bb6 109. Rc6 Ba7 110. Rc7 Bb6 111. Rb7 Bc5 112. Rb5 Ba7 113. Ra5 Bb6 114. Ra6 Bc5 115. Ra5 Bb6 116. Ra6 Bc5 117. Ra5 Bb6 1/2-1/2


[Site "https://www.chess.com"]

[Event "Titled Tuesday Blitz August 17 2021"]
[White "Mitrabha, Guha"]
[Black "Awatramani, Janak"]
[WhiteFideId "5057000"]
[BlackFideId "2608359"]
[WhiteElo "2334"]
[BlackElo "2881"]
[Result "0-1"]
[Round "03"]
[TimeControl "180+1"]
[Date "2021.08.17"]
[WhiteClock "0:00:04"]
[BlackClock "0:00:15"]

1. Nf3 d5 2. c4 e6 3. d4 Nf6 4. g3 b6 5. Bg2 Bb7 6. O-O dxc4 7. Qc2 b5 8. a4 a6 9. Nc3 c6 10. e4 Nbd7 11. e5 Nd5 12. Bg5 Qc8 13. Ne4 h6 14. Bd2 c5 15. Nd6+ Bxd6 16. exd6 O-O 17. axb5 axb5 18. Rxa8 Qxa8 19. dxc5 Nxc5 20. Ne5 Rd8 21. Bxh6 gxh6 22. Nxf7 Kxf7 23. Qh7+ Kf6 24. Bxd5 exd5 25. Qe7+ Kg6 26. f4 Rf8 27. g4 Rf7 28. f5+ Kg7 29. f6+ Kg8 30. Qe5 Ne4 31. Qf5 Qf8 32. Qg6+ Kh8 33. d7 Rxd7 34. f7 Rd6 35. Qf5 Rf6 36. Qe5 Kg7 37. h4 Kxf7 38. Rxf6+ Nxf6 39. g5 hxg5 40. hxg5 Qe7 41. Qf5 Qe3+ 42. Kh2 Qe2+ 43. Kg3 Qg4+ 44. Qxg4 Nxg4 45. Kxg4 0-1


[Site "https://www.chess.com"]

[Event "Titled Tuesday Blitz August 17 2021"]
[White "Mladek, Richard"]
[Black "Dinu, Dumitru-Daniel"]
[WhiteFideId "386588"]
[BlackFideId "1208403"]
[WhiteElo "2355"]
[BlackElo "2240"]
[Result "1/2-1/2"]
[Round "03"]
[TimeControl "180+1"]
[Date "2021.08.18"]
[WhiteClock "0:00:05"]
[BlackClock "0:00:03"]

1. Nf3 g6 2. g3 Bg7 3. Bg2 c5 4. O-O Nc6 5. c4 e5 6. Nc3 Nge7 7. Ne1 O-O 8. Nc2 d6 9. d3 Be6 10. Ne3 f5 11. Ned5 Nd4 12. e3 Ndc6 13. Rb1 a5 14. a3 Kh8 15. Bd2 f4 16. exf4 Bf5 17. Be3 exf4 18. Nxf4 Ne5 19. Ne4 N7c6 20. h3 Nd4 21. Bxd4 cxd4 22. Kh2 Bh6 23. Nd5 Bxe4 24. Bxe4 Rc8 25. b4 axb4 26. Rxb4 Rc6 27. Rxb7 Qe8 28. f4 Nd7 29. Re1 Nc5 30. Re7 Qd8 31. Bg2 Bg7 32. Nf6 Bxf6 33. Ra7 Rc7 34. Ra8 Qxa8 35. Bxa8 Rxa8 36. Qa1 Rca7 37. h4 Rxa3 38. Qb1 Rb3 39. Qd1 Ra2+ 40. Kh3 Rxd3 41. Qg4 Kg7 42. h5 Raa3 43. Rg1 Ne4 44. Qd7+ Kh6 45. hxg6 Rxg3+ 46. Rxg3 Rxg3+ 47. Kh2 hxg6 48. Qe8 Re3 49. Qf8+ Bg7 50. Qd8 Re2+ 51. Kg1 Kh5 52. Qd7 Re1+ 53. Kg2 Re2+ 54. Kf3 Re3+ 55. Kg2 g5 56. Qxg7 Re2+ 57. Kf1 Rf2+ 58. Ke1 gxf4 59. Qh7+ Kg4 60. Qxe4 Rf3 61. Qxd4 Re3+ 62. Kf2 Rf3+ 63. Ke2 Re3+ 64. Kd2 Re6 65. Qg1+ Kf5 66. Qg2 Re5 67. Kd3 Re3+ 68. Kd4 Rg3 69. Qd5+ Kg4 70. Qxd6 f3 71. Qg6+ Kh3 72. Qf5+ Kg2 73. Qe4 Kg1 74. Qe1+ Kg2 75. Qe4 Kg1 76. Qb1+ Kg2 77. Qb7 Kg1 78. Qc7 Rg4+ 79. Kd3 f2 80. Qb6 Kg2 81. Qb2 Kg1 82. Qb6 Kg2 83. Qb7+ Kg1 84. Qb6 1/2-1/2


[Site "https://www.chess.com"]

[Event "Titled Tuesday Blitz August 17 2021"]
[White "Molina, Roberto Junio Brito"]
[Black "Melikhov, Evgeny V."]
[WhiteFideId "2109450"]
[BlackFideId "4122046"]
[WhiteElo "2402"]
[BlackElo "1957"]
[Result "0-1"]
[Round "03"]
[TimeControl "180+1"]
[Date "2021.08.17"]
[WhiteClock "0:00:12"]
[BlackClock "0:00:12"]

1. d4 Nf6 2. c4 e6 3. Nf3 d5 4. Nc3 Bb4 5. Bg5 h6 6. Bxf6 Qxf6 7. Qa4+ Nc6 8. e3 O-O 9. Rc1 a6 10. Qc2 dxc4 11. Bxc4 Bd6 12. O-O e5 13. Ne4 Qe7 14. Rfe1 exd4 15. exd4 Bf5 16. Nxd6 Qxe1+ 17. Nxe1 Bxc2 18. Nxf7 Bg6 19. Nxh6+ Kh7 20. Ng4 Nxd4 21. Ne3 c5 22. Bf1 Rac8 23. f3 b5 24. b3 Rfe8 25. Kf2 Re5 26. Nd3 Bxd3 27. Bxd3+ Kg8 28. Be4 Kf7 29. h4 g6 30. g4 Ne6 31. Kg3 g5 32. Nf5 gxh4+ 33. Kxh4 Rc7 34. Rd1 Nf4 35. Kg3 Ne2+ 36. Kf2 Nc3 37. Rh1 Nxe4+ 38. fxe4 Kf6 39. Ke3 c4 40. Kf4 Rec5 41. g5+ Kf7 42. bxc4 bxc4 43. Rh7+ Kg8 44. g6 Rxh7 45. gxh7+ Kxh7 46. Nd4 Ra5 47. Nc2 Rxa2 48. Ne3 c3 49. e5 c2 0-1


[Site "https://www.chess.com"]